 Seeded DCSS version 0.29-a0-1027-gcd8c55af63 (webtiles) character file.

Game seed: 20220813 (custom seed)

1643 purpskrrrp the Covert (level 9, 0/42 (51) HPs)
             Began as a Kobold Monk on Aug 12, 2022.
             Killed from afar by an orc wizard (10 damage)
             ... with a magic dart
             ... on level 6 of the Dungeon.
             The game lasted 00:25:20 (6893 turns).

purpskrrrp the Covert (Kobold Monk)                 Turns: 6893, Time: 00:25:20

HP:   0/42 (51)     AC:  4    Str: 15    XL:     9   Next: 19%
MP:   9/9           EV: 20    Int: 17    God:
Gold: 59            SH:  5    Dex: 21    Spells: 8/8 levels left

rFire   . . .      SeeInvis .   w - -1 demon whip
rCold   . . .      Faith    .   (no shield)
rNeg    . . .      Spirit   .   b - +0 robe
rPois   .          Reflect  +   c - +0 helmet
rElec   .          Harm     .   (no cloak)
rCorr   .          Rampage  .   (no gloves)
Will    .....                   q - +0 pair of boots
Stlth   ++++++....              k - amulet of reflection
HPRegen 0.14/turn               f - +6 ring of intelligence
MPRegen 0.11/turn               v - +6 ring of strength

@: heavily drained
A: small, no large weapons, nightstalker 3
a: no special abilities


You were on level 6 of the Dungeon.
You visited 1 branch of the dungeon, and saw 6 of its levels.

You collected 199 gold pieces.
You spent 140 gold pieces at shops.

Inventory:

Hand Weapons
 a - a +0 short sword of electrocution
 h - a +3 vampiric spear
 s - a +4 dagger of venom
 w - a -1 demon whip (weapon)
Armour
 b - a +0 robe (worn)
 c - a +0 helmet (worn)
 d - a +1 leather armour of willpower
 q - a +0 pair of boots (worn)
Jewellery
 f - a +6 ring of intelligence (left hand)
 k - an amulet of reflection (around neck)
 v - a +6 ring of strength (right hand)
Wands
 m - a wand of polymorph (4)
Scrolls
 j - a scroll of poison
 n - 2 scrolls of vulnerability
 o - 5 scrolls of teleportation
 p - a scroll of blinking
 u - a scroll of fear
Potions
 e - a potion of flight
 g - a potion of curing
 i - a potion of degeneration {unknown}
 l - 2 potions of cancellation {unknown}
 r - a potion of lignification {unknown}
 t - a potion of attraction {unknown}


   Skills:
 - Level 3.2 Fighting
 + Level 8.2 Short Blades
 + Level 7.5 Dodging
 * Level 11.4 Stealth


You had 8 spell levels left.
You didn't know any spells.
Your spell library contained the following spells:

 Spells                   Type           Power      Damage    Failure   Level
 Beastly Appendage        Tmut           0%         N/A       24%         1
 Magic Dart               Conj           0%         1d3       24%         1
 Call Imp                 Summ           0%         N/A       34%         2
 Wereblood                Tmut           0%         N/A       34%         2
 Mephitic Cloud           Conj/Pois/Air  0%         N/A       56%         3
 Spider Form              Tmut/Pois      0%         N/A       56%         3
 Alistair's Intoxication  Tmut/Pois      0%         N/A       100%        5
 Borgnjor's Vile Clutch   Necr/Erth      0%         N/A       100%        5
 Eringya's Noxious Bog    Tmut/Pois      0%         N/A       100%        6


Dungeon Overview and Level Annotations

Branches:
Dungeon (6/15)
 Temple: D:4-7

Altars:
Ru

Shops:
D:3 ((([(   D:6 !*


Innate Abilities, Weirdness & Mutations

You are small and have problems with some larger weapons.
You are completely attuned to the shadows.


Message History

You are too confused!
You are too confused!
You bump into the rock wall.
Something hits you.
You feel drained.
You bump into the rock wall.
You hear some strange, mumbled words.
A puff of flame appears from out of thin air!
The puff of flame hits you!
You miss something. Something misses you.
You closely miss something. Something closely misses you.
You miss something.
You feel less confused. Something hits you.
You feel drained.
You closely miss something. Something hits you.
You feel drained.
You miss something. Something closely misses you.
You miss something. Something hits you but does no damage.
You feel drained.
You whack something! Something hits you but does no damage.
You feel drained.
You closely miss something. Something completely misses you.
You hit something but do no damage. Something barely misses you.
You hear some strange, mumbled words.
A magic dart appears from out of thin air!
The magic dart hits you.
You barely miss something. Something hits you.
You feel drained.
You completely miss something. Something hits you.
You feel drained.
You hit something.
You hear some strange, mumbled words.
A magic dart appears from out of thin air!
The magic dart hits you!
You hit something. Something hits you.
You feel drained.
You closely miss something. Something hits you.
You feel drained.
You miss something.
You hear some strange, mumbled words.
A puff of flame appears from out of thin air!
The puff of flame hits you.
* * * LOW HITPOINT WARNING * * *
There are monsters nearby!
There are monsters nearby!
There are monsters nearby!
A magic dart appears from out of thin air!
The magic dart hits you!
You die...

#..... #...#. #...#.
#...## #...## #...## #...#
#####################...##
....o.o{.@..)......∩......
##########################


You could see an orc.

Vanquished Creatures
  Eustachio (D:6)
  An ice beast (D:5)
  A black bear (D:6)
  3 ogres
  2 centaurs
  2 phantoms
  A necrophage (D:5)
  2 scorpions
  4 orc priests
  2 hounds
  A jelly (D:5)
  2 iguanas (D:4)
  2 orc wizards (D:4)
  15 gnolls
  4 adders
  An ufetubus (D:4)
  A dart slug (D:4)
  9 orcs
  8 ball pythons
  11 endoplasms
  5 goblins
  4 hobgoblins
  3 jackals (D:2)
  6 quokkas
  2 bats
  3 frilled lizards
  6 kobolds
  4 rats
106 creatures vanquished.

Notes
Turn   | Place    | Note
-------+----------+-------------------------------------------
     0 | D:1      | purpskrrrp the Kobold Monk began the quest for the Orb.
     0 | D:1      | Reached XP level 1. HP: 14/14 MP: 1/1
     7 | D:1      | Noticed a polar bear
     7 | D:1      | Noticed a salamander
    98 | D:1      | Reached skill level 3 in Stealth
   186 | D:1      | Reached XP level 2. HP: 19/19 MP: 2/2
   922 | D:1      | Noticed a rime drake
   980 | D:1      | Reached XP level 3. HP: 23/23 MP: 3/3
  1219 | D:2      | Reached skill level 4 in Stealth
  1906 | D:2      | Reached XP level 4. HP: 23/28 MP: 4/4
  2830 | D:3      | Found a faded altar of an unknown god.
  2971 | D:3      | Reached skill level 5 in Stealth
  3011 | D:3      | Found Guhuseed's Weapon Shoppe.
  3108 | D:3      | Found Isys's Antique Weapon Emporium.
  3116 | D:3      | Found Mavvokar's Armour Emporium.
  3314 | D:3      | Found Acaleha's Weapon Shop.
  3358 | D:3      | Reached XP level 5. HP: 32/32 MP: 5/5
  3504 | D:3      | Found Otopsi's Antique Weapon Emporium.
  3688 | D:4      | Reached skill level 5 in Short Blades
  3826 | D:4      | Noticed an ogre
  3830 | D:4      | Killed an ogre
  3831 | D:4      | Reached skill level 5 in Dodging
  3831 | D:4      | Reached skill level 6 in Stealth
  3831 | D:4      | Reached XP level 6. HP: 37/37 MP: 6/6
  4129 | D:4      | Reached skill level 7 in Stealth
  4129 | D:4      | Reached XP level 7. HP: 41/41 MP: 7/7
  4151 | D:4      | Found a sacrificial altar of Ru.
  4408 | D:4      | Reached skill level 8 in Stealth
  4929 | D:5      | Entered Level 5 of the Dungeon
  4998 | D:5      | Reached XP level 8. HP: 24/46 MP: 8/8
  5236 | D:5      | Reached skill level 9 in Stealth
  6032 | D:5      | Reached skill level 10 in Stealth
  6510 | D:6      | Reached XP level 9. HP: 51/51 MP: 9/9
  6511 | D:6      | Noticed Eustachio
  6546 | D:6      | Killed Eustachio
  6547 | D:6      | Reached skill level 11 in Stealth
  6708 | D:6      | Found Lath's Distillery.
  6747 | D:6      | Found Menn's Lightly-Used Armoury.
  6752 | D:6      | Bought a -1 demon whip for 140 gold pieces
  6893 | D:6      | Killed from afar by an orc wizard

Illustrated notes

Levels and vault maps discovered:
D:1:      onia_arrival_zoo_common, layout_basic
D:2:      layout_basic
D:3:      layout_loops_ring, serial_shops, shop, nicolae_shop_stone, shop,
          nicolae_shop_waterfront, shop, ebering_ecumenical_altar_abandoned,
          grunt_ministairs_3
D:4:      layout_cave_pools, mainiacjoe_overflow_tiny_flanked
D:5:      layout_basic
D:6:      layout_basic, xom_teletrap_fun, temple_hall, serial_shops,
          shop_fountains, minmay_shop_damaged, uniq_duvessa, uniq_pikel,
          uniq_eustachio

Skill      XL: |  1  2  3  4  5  6  7  8  9 |
---------------+----------------------------+-----
Stealth        | 3 4 5 6 7 8 10 11 | 11.4
Dodging        | 4 5 6 7 |  7.5
Short Blades   | 5 6 7 8 |  8.2
Fighting       | |  3.2

Action                   |  1- 3 |  4- 6 |  7- 9 || total
-------------------------+-------+-------+-------++-------
Melee: Short sword       |   106 |    60 |       ||   166
       Punch             |     1 |     1 |     3 ||     5
       Dagger            |       |    16 |   172 ||   188
       Demon whip        |       |       |    28 ||    28
  Use: Potion            |     1 |       |     4 ||     5
       Scroll            |     7 |     6 |     4 ||    17
 Stab: Sleeping          |    11 |    18 |    19 ||    48
Armor: Robe              |    12 |    16 |    15 ||    43
Dodge: Dodged            |    84 |    38 |    88 ||   210
Block: Other             |       |       |    20 ||    20

Table legend: (Time is in decaauts)
 A = Elapsed time spent in this place.
 B = Non-inter-level travel time spent in this place.
 C = Inter-level travel time spent in this place.
 D = Time resting spent in this place.
 E = Time spent auto-exploring this place.
 F = Levels seen in this place.
 G = Mean time per level.
                   A        B        C        D        E       F      G
               +--------+--------+--------+--------+--------+-----+--------+
         Total |   6812 |   6500 |    312 |   1265 |   4220 |   6 | 1135.3 |
       Dungeon |   6812 |   6500 |    312 |   1265 |   4220 |   6 | 1135.3 |
               +--------+--------+--------+--------+--------+-----+--------+

Top non-repeatable levels by time:
     D:2: 1555 daAuts
     D:5: 1473 daAuts
     D:4: 1319 daAuts
     D:1: 1149 daAuts
     D:3: 861 daAuts
     D:6: 453 daAuts
